 Dungeon Crawl Stone Soup version 0.16-a0-2970-ge3807df (webtiles) character file.

84 Chiseanne the Magician (level 4, 0/27 HPs)
             Began as an Octopode Wanderer on Dec 5, 2014.
             Was an Initiate of Vehumet.
             Succumbed to an adder's poison
             ... on level 2 of the Dungeon.
             The game lasted 00:08:15 (3235 turns).

Chiseanne the Magician (Octopode Wanderer)          Turns: 3235, Time: 00:08:15

Health: 0/27       AC:  1    Str:  9    XL:     4   Next: 45%
Magic:  1/11       EV: 15    Int: 17    God:    Vehumet [......]
Gold:   133        SH:  3    Dex: 11    Spells: 4 memorised, 4 levels left

rFire  . . .     SeeInvis .     c - -3 trident (curse)
rCold  . . .     Clarity  .     i - +0 buckler
rNeg   . . .     SustAb   .     (helmet restricted)
rPois  .         Gourm    .     (no amulet)
rElec  .         Spirit   .     d - ring of stealth
rCorr  .         Warding  .     e - +5 ring of evasion
rMut   .         Stasis   .     (no ring)
MR     .....                    (no ring)
Stlth  ++++......               (no ring)
                                (no ring)
                                (no ring)
                                (no ring)

@: lethally poisoned, very slightly contaminated, not resistant to hostile
enchantments, stealthy
A: almost no armour, amphibious, 8 rings, constrict 8, camouflage 1, gelatinous
body 1
a: Renounce Religion


You were on level 2 of the Dungeon.
You worshipped Vehumet.
Vehumet was noncommittal.
You were not hungry.

You visited 1 branch of the dungeon, and saw 3 of its levels.

You collected 133 gold pieces.

Inventory:

Hand weapons
 c - a cursed -3 trident (weapon)
 h - a +0 short sword
Armour
 i - a +0 buckler (worn)
Jewellery
 d - a ring of stealth (left tentacle)
 e - a +5 ring of evasion (right tentacle)
Scrolls
 j - a scroll of blinking
 m - 2 scrolls of magic mapping
 n - a scroll of teleportation
Potions
 l - 3 potions of resistance
Books
 a - a book of Geomancy

   Spells                             Type                      Level
   a - Sandblast                      Earth                        1
   b - Stoneskin                      Transmutation/Earth          2
   c - Passwall                       Transmutation/Earth          3
   d - Stone Arrow                    Conjuration/Earth            3
   e - Petrify                        Transmutation/Earth          4
   f - Lee's Rapid Deconstruction     Earth                        5
 b - the Incunabulum of Evil Rituals

   Spells                             Type                      Level
   a - Pain                           Necromancy                   1
   b - Regeneration                   Charms/Necromancy            3
Comestibles
 f - 3 bread rations
 k - a beef jerky


   Skills:
 - Level 1.0 Throwing
 - Level 1.3 Stealth
 * Level 4.2 Spellcasting
 * Level 2.1 Necromancy
 - Level 3.0 Transmutations
   Level 2.4 Poison Magic


You had 4 spell levels left.
You knew the following spells:

 Your Spells              Type           Power        Failure   Level  Hunger
a - Pain                  Necr           ##..         10%         1    None
b - Sandblast             Erth           #.....       21%         1    None
c - Stoneskin             Trmt/Erth      #.......     17%         2    ##.....
d - Regeneration          Chrm/Necr      #.........   38%         3    ###....


Dungeon Overview and Level Annotations

Branches:
Dungeon (3/15)

Altars:
Vehumet
The Shining One


Innate Abilities, Weirdness & Mutations

You cannot wear most types of armour.
You are amphibious.
You can wear up to eight rings at the same time.
You can use your tentacles to constrict many enemies at once.
Your skin changes colour to match your surroundings (Stealth).
Your rubbery body absorbs attacks (AC +1).


Message History

Aiming: Pain
Press: ? - help, Shift-Dir - straight line, f/p - hound
Aim: a hound (severely wounded)
The hound convulses in agony!
The hound bites you.
* * * LOW HITPOINT WARNING * * *
Casting: Pain
Confirm with . or Enter, or press ? or * to list all spells.
Aiming: Pain
Press: ? - help, Shift-Dir - straight line, f/p - hound
Aim: a hound (almost dead)
The hound struggles to resist.
The hound bites you.
* * * LOW HITPOINT WARNING * * *
The hound barely misses you.
Casting: Pain
Confirm with . or Enter, or press ? or * to list all spells.
Aiming: Pain
Press: ? - help, Shift-Dir - straight line, f/p - hound
Aim: a hound (almost dead)
You miscast Pain.
Pain shoots through your body.
You die...

......#.############.#..###.#
......'.# #.........#.#####
......###########.##..#.#(#.#....
......#.........#.........#...#.#
ยง.....#.#######.#######.#######.#
.'#'###.#.....#.........#.......#
..#.# #.#.###.###########.#######
.##.###.#.###.#..h........#
................@##########
....###.#.###.#..#### #####
#.#.....#.....# #.#..####.##.##
###.#.....(....######
#...#.......##......#
#...###########.###.#
#...'...........# #.#
#...###############.#


You could see a hound.

Vanquished Creatures
  5 adders
  A giant gecko (D:1)
  4 bats
  A giant cockroach (D:1)
  4 goblins
  6 hobgoblins
  A quokka (D:2)
  2 ball pythons
  2 giant newts (D:1)
  4 kobolds
  6 rats
36 creatures vanquished.

Vanquished Creatures (others)
  A hobgoblin (D:2)
1 creature vanquished.

Grand Total: 37 creatures vanquished

Notes
Turn   | Place    | Note
--------------------------------------------------------------
     0 | D:1      | Chiseanne, the Octopode Wanderer, began the quest for the Orb.
     0 | D:1      | Chiseanne set off with: a book of Geomancy, the Incunabulum of Evil Rituals, a potion of lignification, a +0 dagger, a bread ration
     0 | D:1      | Reached XP level 1. HP: 11/11 MP: 4/4
     0 | D:1      | Identified the Incunabulum of Evil Rituals
     2 | D:1      | Learned a level 1 spell: Pain
   341 | D:1      | Learned a level 1 spell: Sandblast
   535 | D:1      | Reached XP level 2. HP: 7/17 MP: 6/6
  1479 | D:2      | Found a radiant altar of Vehumet.
  1482 | D:2      | Reached skill level 1 in Necromancy
  1497 | D:2      | Became a worshipper of Vehumet
  1841 | D:2      | Reached XP level 3. HP: 11/21 MP: 0/8
  2070 | D:2      | Learned a level 2 spell: Stoneskin
  2288 | D:2      | Found a glowing golden altar of the Shining One.
  2524 | D:2      | Reached skill level 4 in Spellcasting
  2524 | D:2      | HP: 1/21 [quokka (3)]
  2841 | D:2      | Reached XP level 4. HP: 21/27 MP: 3/11
  2907 | D:2      | Learned a level 3 spell: Regeneration
  3234 | D:2      | HP: 1/27 [hound (6)]
  3235 | D:2      | Succumbed to an adder's poison

Action                   |  1- 3 |  4- 6 || total
-------------------------+-------+-------++-------
Melee: Short sword       |    22 |       ||    22
 Cast: Pain              |    54 |    18 ||    72
       Sandblast         |     2 |       ||     2
  Use: Scroll            |     7 |       ||     7
       Potion            |     2 |       ||     2
 Stab: Sleeping          |     2 |       ||     2
  Eat: Chunk             |     5 |     2 ||     7
